 Dungeon Crawl Stone Soup version 0.31.0-11-ge490571c62 (webtiles) character file.

Game seed: 14509715979184348401

37 qw the Shooter (level 3, -5/18 HPs)
             Began as a Spriggan Hunter on Feb 4, 2024.
             Killed from afar by Sigmund (8 damage)
             ... with a magic dart
             ... on level 3 of the Dungeon.
             The game lasted 00:00:04 (1107 turns).

qw the Shooter (Spriggan Hunter)                    Turns: 1107, Time: 00:00:05

Health: -5/18      AC:  2    Str: 10    XL:     3   Next: 21%
Magic:  13/13      EV: 19    Int: 10    God:
Gold:   61         SH:  0    Dex: 20    Spells: 2/2 levels left

rFire   . . .        a - +0 shortbow
rCold   x . .        (shield currently unavailable)
rNeg    + . .        c - +0 robe
rPois   +            (helmet restricted)
rElec   +            (no cloak)
rCorr   +            (gloves unavailable)
SInv    +            (boots unavailable)
Will    .....        d - amulet "Kair" {Faith rN+ Str+3}
Stlth   ++           g - ring "Tebro" {rElec rPois rC- rCorr MP+9}
HPRegen 0.23/turn    (no ring)
MPRegen 0.13/turn

%: faith
@: very quick
A: very small, no large weapons, unfitting armour, see invisible, speed 3
a: no special abilities


You were on level 3 of the Dungeon.
You visited 1 branch of the dungeon, and saw 4 of its levels.

You collected 91 gold pieces.
You spent 30 gold pieces at shops.


Innate Abilities, Weirdness & Mutations

You are very small and have problems with some larger weapons.
You are too small for most types of armour.
You have supernaturally acute eyesight. (SInv)
You cover ground extremely quickly. (Speed+++)


   Skills:
 - Level 1.5 Fighting
 + Level 4.6 Ranged Weapons
 - Level 4.0 Dodging
 - Level 1.5 Stealth


You had 2 spell levels left.
You didn't know any spells.
Your spell library was empty.

Inventory:

Hand Weapons
 a - a +0 shortbow (weapon)
Armour
 c - a +0 robe (worn)
Jewellery
 d - the amulet "Kair" (around neck) {Faith rN+ Str+3}
   (You acquired it on level 1 of the Dungeon)

   [amulet of faith]

   Faith:     It allows you to gain divine favour quickly.
   Str+3:     It affects your strength (+3).
   rN+:       It protects you from negative energy.
 g - the ring "Tebro" (left hand) {rElec rPois rC- rCorr MP+9}
   (You acquired it on level 3 of the Dungeon)

   [ring of magical power]

   rC-:       It makes you vulnerable to cold.
   rElec:     It insulates you from electricity.
   rPois:     It protects you from poison MP+9: It affects your magic capacity
   (+9).
   rCorr:     It protects you from acid and corrosion.
Scrolls
 e - a scroll of identify
Potions
 b - a potion of haste {unknown}
 f - a potion of brilliance {unknown}
 h - a potion of curing
 i - a potion of lignification {unknown}

Dungeon Overview and Level Annotations

Branches:
Dungeon (4/15)
 Temple: D:4-7

Altars:

Shops:
D:1 !   D:2 (

Annotations:
D:3 2 runed translucent doors, Sigmund


Message History

You shoot an arrow. The arrow barely misses Sigmund.
Sigmund says, "I'm your fate."
You shoot an arrow. The arrow completely misses Sigmund.
You shoot an arrow. The arrow closely misses Sigmund.
Sigmund hits you from afar with a +0 scythe.
You shoot an arrow. The arrow barely misses Sigmund.
You shoot an arrow. The arrow hits Sigmund.
Sigmund is moderately wounded.
Sigmund completely misses you.
You shoot an arrow. The arrow barely misses Sigmund.
Sigmund closely misses you.
You shoot an arrow. The arrow closely misses Sigmund.
Sigmund hits you from afar with a +0 scythe!
You shoot an arrow. The arrow closely misses Sigmund.
You shoot an arrow.
The arrow hits Sigmund but does no damage.
Sigmund is moderately wounded.
Sigmund misses you.
You shoot an arrow. The arrow hits Sigmund.
Sigmund is heavily wounded.
Sigmund hits you from afar with a +0 scythe!
You shoot an arrow.
The arrow hits Sigmund but does no damage.
Sigmund is heavily wounded.
Sigmund misses you.
You shoot an arrow.
The arrow hits Sigmund but does no damage.
Sigmund is heavily wounded.
Sigmund barely misses you.
You shoot an arrow. The arrow closely misses Sigmund.
You shoot an arrow. The arrow hits Sigmund.
Sigmund is severely wounded.
Sigmund barely misses you.
You shoot an arrow.
The arrow hits Sigmund but does no damage.
Sigmund is severely wounded.
Sigmund points at you and mumbles some strange words.
The magic dart hits you!
You die...
Sigmund begins carving another notch in his scythe.

#######.# ##...## #
#.# ##.###.## # #.#
##.## ##.## #
#.#####.## ##.#
#.......# #.#
#######.# ##.# ##.#
##.###..##
######.###.........
.....@.@..#####.###
#######.### #..
####


You could see Sigmund.

Vanquished Creatures
  An adder (D:2)
  4 ball pythons
  2 bats
  An endoplasm (D:2)
  A giant cockroach (D:1)
  7 goblins
  2 hobgoblins
  A quokka (D:1)
  A frilled lizard (D:1)
  3 kobolds
  3 rats
26 creatures vanquished.

Notes
Turn   | Place    | Note
-------+----------+-------------------------------------------
     0 | D:1      | qw the Spriggan Hunter began the quest for the Orb.
     0 | D:1      | Reached XP level 1. HP: 10/10 MP: 2/2
     0 | D:1      | 0 ||| qw: Version: 0.3-a-160-g6735b56
     0 | D:1      | 0 ||| qw: Game counter: 4700
     0 | D:1      | 0 ||| qw: Melee chars always use a shield: true
     0 | D:1      | 0 ||| qw: God list: Okawaru
     0 | D:1      | 0 ||| qw: Allow faded altars: false
     0 | D:1      | 0 ||| qw: Do Orc after clearing Dungeon:15 true
     0 | D:1      | 0 ||| qw: Do second Lair branch before Depths: true
     0 | D:1      | 0 ||| qw: Lair rune preference: random
     0 | D:1      | 0 ||| qw: Goals: Normal
     0 | D:1      | 0 ||| PLANNING D:1-11
    47 | D:1      | Reached skill level 3 in Dodging
   138 | D:1      | Reached XP level 2. HP: 14/14 MP: 3/3
   367 | D:1      | Found Luash's Distillery.
   376 | D:1      | 376 ||| SHOPLISTING 2 potions of curing (60 gold, have 41).
   376 | D:1      | 376 ||| BUYING potion of curing (30 gold).
   376 | D:1      | Bought a potion of curing for 30 gold pieces
   376 | D:1      | 376 ||| SHOPLISTING potion of curing (30 gold, have 11).
   376 | D:1      | 376 ||| SHOPLISTING potion of enlightenment (50 gold, have
                  | 11).
   376 | D:1      | 376 ||| SHOPLISTING potion of haste (100 gold, have 11).
   545 | D:1      | Found a faded altar of an unknown god.
   546 | D:1      | 546 ||| READING scroll labelled WETHOTH USISIC.
   546 | D:1      | 546 ||| IDENTIFYING ruby potion
   547 | D:1      | 547 ||| READING scroll labelled VES BYTAMUDILA.
   547 | D:1      | Identified a scroll of acquirement
   547 | D:1      | 547 ||| ACQUIRING amulet "Kair" {Faith rN+ Str+3}
   547 | D:1      | Acquired the amulet "Kair" {Faith rN+ Str+3}
   549 | D:1      | 549 ||| UPGRADING to amulet "Kair" {Faith rN+ Str+3}.
   554 | D:1      | 554 ||| READING scroll labelled ENAASHUUMN.
   555 | D:1      | 555 ||| DROPPING scroll of butterflies.
   556 | D:1      | 556 ||| DROPPING potion of berserk rage.
   620 | D:2      | Reached XP level 3. HP: 18/18 MP: 4/4
   667 | D:2      | Found Xeuttuel's Weapon Emporium.
   675 | D:2      | 675 ||| SHOPLISTING +7 orcbow of the Decaying God {drain,
                  | Str+2 Dex+3} (705 gold, have 36).
   805 | D:2      | You fall into a shaft and drop 2 floors!
   806 | D:4      | 806 ||| READING scroll labelled VOTEBLUGUE.
   906 | D:4      | 906 ||| FLEEEEING.
   907 | D:4      | 907 ||| FLEEEEING.
   909 | D:4      | 909 ||| FLEEEEING.
   910 | D:4      | 910 ||| STAIRDANCE
   951 | D:3      | Found a large runed translucent door.
   951 | D:3      | Found a large runed translucent door.
   954 | D:3      | 954 ||| READING scroll of acquirement.
   954 | D:3      | 954 ||| ACQUIRING ring "Tebro" {rElec rPois rC- rCorr MP+9}
   954 | D:3      | Acquired the ring "Tebro" {rElec rPois rC- rCorr MP+9}
   956 | D:3      | 956 ||| UPGRADING to ring "Tebro" {rElec rPois rC- rCorr
                  | MP+9}.
  1091 | D:3      | Noticed Sigmund
  1102 | D:3      | HP: 2/18 [Sigmund/+0 scythe (8)]
  1107 | D:3      | Killed from afar by Sigmund

Levels and vault maps discovered:
D:1:      wander_arrival_lonely_grave, layout_basic, serial_shops,
          nicolae_shop_tiny_glass, shapermc_ecumenical_altar_acropolis,
          nicolae_the_louvre
D:2:      layout_loops_ring, serial_shops, nicolae_shop_bloodbath_and_beyond,
          serial_rivers, chequers_serial_rivers_marsh,
          chequers_serial_rivers_large_b, chequers_serial_rivers_large_a,
          chequers_serial_rivers_room_a, chequers_serial_rivers_marsh,
          grunt_ministairs_1
D:3:      due_chaos_kobolds, layout_loops_ring, serial_bayou_pond_c,
          uniq_sigmund
D:4:      layout_loops_cross, uniq_pikel

Skill      XL: |  1  2 |
---------------+-------+-----
Dodging        | 3 4 |  4.0
Fighting       | |  1.5
Ranged Weapons | |  4.6
Stealth        | |  1.5

Action                     || total
---------------------------++-------
   Fire: Shortbow          ||    85
    Use: Scroll            ||     5
 Armour: Robe              ||     7
  Dodge: Dodged            ||    27

Table legend:
 A = Non-vault XP
 B = Vault XP
 C = Vault XP percentage of total XP
 D = Non-vault monster count
 E = Vault monster count
 F = Vault count percentage of total count
                 A         B        C        D         E       F
            +---------+---------+-------+---------+---------+-------
      Total |      53 |       0 |   0.0 |      26 |       0 |   0.0
            +---------+---------+-------+---------+---------+-------
        D:1 |      25 |       0 |   0.0 |      15 |       0 |   0.0
        D:2 |      25 |       0 |   0.0 |       9 |       0 |   0.0
        D:3 |       3 |       0 |   0.0 |       2 |       0 |   0.0
            +---------+---------+-------+---------+---------+-------
